AoeStats
← Cletus1988

Arabia

510935569Analyzed
1v1 RM · 8h ago on Oct 3, 2026· 41m 45s· 2 players
Game mode
Random Map
Map size
Tiny (2 player)
Population
200
Speed
Normal
Resources
Standard
Victory
Conquest
Starting age
Dark Age
Ending age
Imperial Age
RankedLock teamsTeams togetherTeam positionsShared explorationLock speedFull tech treeHidden civsTurbo modeCheats
Victory
Defeat
🇧🇷 Cumans · Brazil
1165
+14
🇲🇽 Mongols · Mexico
1122
-14
Cletus1988
5:52 Loom
8:14 Feudal Age
8:17 Man-at-Arms
10:47 Double-Bit Axe
13:43 Horse Collar
21:20 Castle Age
20:04 Scale Barding Armor
20:39 Bloodlines
21:01 Forging
23:13 Husbandry
29:36 Chain Barding Armor
29:51 Iron Casting
31:28 Wheelbarrow
32:16 Fletching
35:09 Bodkin Arrow
t_uruk
6:19 Loom
10:20 Feudal Age
11:42 Double-Bit Axe
12:04 Horse Collar
17:11 Town Watch
18:13 Wheelbarrow
22:47 Castle Age
21:03 Gold Mining
21:05 Stone Mining
21:55 Forging
23:00 Bloodlines
23:01 Scale Barding Armor
22:56 Fletching
24:08 Iron Casting
22:56 Light Cavalry
24:44 Fletching
25:44 Hand Cart
27:00 Gold Shaft Mining
27:44 Chain Barding Armor
34:35 Bodkin Arrow
35:41 Bow Saw
37:11 Coinage
37:30 Padded Archer Armor
41:35 Imperial Age
41:19 Steppe Husbandry
42:20 Leather Archer Armor
Connection lost

Rejoining the realm…

Still unreachable

The connection could not be restored.

Session expired

The server has moved on; the page needs a fresh start.